 Dungeon Crawl Stone Soup version 0.28-a0-1524-ge72afd5fc6 (webtiles) character file.

Game seed: 16822215679676155762

31 dave1331 the Skirmisher (level 3, -2/29 HPs)
             Began as a Demonspawn Berserker on Jan 17, 2022.
             Was a Follower of Trog.
             Slain by Terence (6 damage)
             ... on level 2 of the Dungeon.
             The game lasted 00:07:22 (864 turns).

dave1331 the Skirmisher (Demonspawn Berserker)       Turns: 864, Time: 00:07:23

Health: -2/29      AC:  4    Str: 19    XL:     3   Next: 7%
Magic:  3/3        EV: 12    Int:  8    God:    Trog [*.....]
Gold:   26         SH:  0    Dex: 12    Spells: 2/2 levels left

rFire   x . .      SeeInvis .   a - +0 falchion
rCold   + . .      Faith    .   (no shield)
rNeg    . . .      Spirit   .   b - +0 animal skin
rPois   .          Reflect  .   (no helmet)
rElec   .          Harm     .   (no cloak)
rCorr   .          Rampage  .   (no gloves)
Will    .....                   (no boots)
Stlth   +.........              (no amulet)
HPRegen 0.09/turn               f - ring of ice
MPRegen 0.16/turn               (no ring)

@: no status effects
A: icy blue scales 1, magic regeneration
a: Renounce Religion, Berserk


You were on level 2 of the Dungeon.
You worshipped Trog.
Trog was aware of your devotion.
You visited 1 branch of the dungeon, and saw 2 of its levels.

You collected 26 gold pieces.

Inventory:

Hand Weapons
 a - a +0 falchion (weapon)
 c - a +0 club
Armour
 b - a +0 animal skin (worn)
 e - a +0 robe
Jewellery
 f - a ring of ice (left hand)


   Skills:
 + Level 3.3 Fighting
 + Level 3.0 Long Blades
 + Level 2.2 Armour
 + Level 2.2 Dodging


You had 2 spell levels left.
You didn't know any spells.
Your spell library was empty.

Dungeon Overview and Level Annotations

Branches:
Dungeon (2/15)

Altars:

Annotations:
D:2 Terence


Innate Abilities, Weirdness & Mutations

You are partially covered in icy blue scales. (AC +2)
You regenerate magic rapidly.


Message History

You feel sick.
You feel sick.
You are no longer poisoned.
You now have 9 gold pieces.
Found 17 gold pieces.
You now have 26 gold pieces (gained 17).
A bat comes into view.
The bat closely misses you.
You slash the bat!
You kill the bat!
Trog accepts your kill.
You see here a bat corpse.
Found a spear.
You see here a +0 spear.
Terence the Incautious comes into view.
He is wielding a +0 short sword.
The helpless Terence fails to defend himself.
You hit Terence.
Terence is lightly wounded.
Terence hits you with a +0 short sword.
You barely miss Terence.
Terence is lightly wounded.
Terence hits you with a +0 short sword.
You barely miss Terence.
Terence is lightly wounded.
Terence drinks a potion.
Terence goes berserk!
You hit Terence but do no damage.
Terence is lightly wounded.
Terence barely misses you. Terence hits you with a +0 short sword.
You hit Terence.
Terence is lightly wounded.
Terence barely misses you. Terence misses you.
You barely miss Terence.
Terence is lightly wounded.
Terence hits you with a +0 short sword.
You hit Terence.
Terence is lightly wounded.
Terence hits you with a +0 short sword!
* * * LOW HITPOINT WARNING * * *
Terence hits you with a +0 short sword.
You die...

#. #.# #.# #.#
#.#######..
#.#........
#######.#@@......
...........####.#
######.#.## #.#.#
####.#.# #....#.#
#.####.# #.# #..
#.# ##


You could see Terence (berserk).

Vanquished Creatures
  An adder (D:2)
  A dart slug (D:1)
  2 endoplasms (D:1)
  3 hobgoblins (D:1)
  2 quokkas (D:1)
  3 ball pythons
  4 bats
  3 goblins (D:1)
  A kobold (D:1)
20 creatures vanquished.

Vanquished Creatures (others)
  5 fungi (D:2)
5 creatures vanquished.

Grand Total: 25 creatures vanquished

Notes
Turn   | Place    | Note
-------+----------+-------------------------------------------
     0 | D:1      | dave1331 the Demonspawn Berserker began the quest for the
                  | Orb.
     0 | D:1      | Reached XP level 1. HP: 18/18 MP: 1/1
   244 | D:1      | Gained mutation: You are partially covered in icy blue
                  | scales. (AC +2) [demonic ancestry]
   244 | D:1      | Reached XP level 2. HP: 10/24 MP: 2/2
   756 | D:2      | Gained mutation: You regenerate magic rapidly. [demonic
                  | ancestry]
   756 | D:2      | Reached XP level 3. HP: 18/29 MP: 3/3
   855 | D:2      | Noticed Terence
   864 | D:2      | Slain by Terence

Illustrated notes

Levels and vault maps discovered:
D:1:      beargit_arrival_diablo_church, layout_loops_ring, st_stairs_2,
          roderic_lattice_a
D:2:      layout_loops_ring, dilly_ecumenical_altar_fadedgnrine,
          uniq_crazy_yiuf_cottage, uniq_terence

Skill      XL: |  1  2 |
---------------+-------+-----
Armour         | 2 |  2.2
Dodging        | 2 |  2.2
Long Blades    | 3 |  3.0
Fighting       | |  3.3

Action                   || total
-------------------------++-------
Melee: Falchion          ||    86
       Punch             ||     3
  Use: Scroll            ||     2
       Potion            ||     1
 Stab: Sleeping          ||     1
Armor: Animal skin       ||    21
Dodge: Dodged            ||    63

Table legend: (Time is in decaauts)
 A = Elapsed time spent in this place.
 B = Non-inter-level travel time spent in this place.
 C = Inter-level travel time spent in this place.
 D = Time resting spent in this place.
 E = Time spent auto-exploring this place.
 F = Levels seen in this place.
 G = Mean time per level.
                   A        B        C        D        E       F      G
               +--------+--------+--------+--------+--------+-----+--------+
         Total |    876 |    250 |    626 |      0 |      0 |   2 |  438.0 |
       Dungeon |    876 |    250 |    626 |      0 |      0 |   2 |  438.0 |
               +--------+--------+--------+--------+--------+-----+--------+

Top non-repeatable levels by time:
     D:1: 681 daAuts
     D:2: 194 daAuts
